AA SOUTH
ROCKET CITY TRASH PANDAS @ MONTGOMERY BISCUITS
08/12/2041
 
TOP OF THE 1ST
Rocket City Trash Pandas batting - Pitching for Montgomery Biscuits : RHP Enrico Valério
Pitching: RHP Enrico Valério
Batting: LHB José Martínez 0-0: Called Strike
0-1: Ball
1-1: Foul Ball, location: 2F
1-2: Strikes out swinging
Batting: RHB Cristo García 0-0: Ground out 3-1 (Groundball, 13, EV 86.9 MPH)
Batting: RHB José Martínez 0-0: Ground out 6-3 (Groundball, 6, EV 87.5 MPH)
Top of the 1st over - 0 runs, 0 hits, 0 errors, 0 left on base; Rocket City 0 - Montgomery 0
BOTTOM OF THE 1ST
Montgomery Biscuits batting - Pitching for Rocket City Trash Pandas : RHP Karl Rauch
Pitching: RHP Karl Rauch
Batting: RHB B.J. Bushel 0-0: Ball
1-0: Ball
2-0: Called Strike
2-1: Foul Ball, location: 25F
2-2: Strikes out swinging
Batting: LHB Jed Jackson 0-0: Ground out 4-3 (Groundball, 34D, EV 102.5 MPH)
Batting: RHB Bob Lee 0-0: Called Strike
0-1: Swinging Strike
0-2: Ball
1-2: Ball
2-2: Foul Ball, location: 7LMF
2-2: Ball
3-2: Base on Balls
Batting: LHB Dave Ware 0-0: Fly out, F8 (Flyball, 8LM, EV 81.9 MPH)
Bottom of the 1st over - 0 runs, 0 hits, 0 errors, 1 left on base; Rocket City 0 - Montgomery 0
TOP OF THE 2ND
Rocket City Trash Pandas batting - Pitching for Montgomery Biscuits : RHP Enrico Valério
Batting: RHB Beau Jones 0-0: Ball
1-0: Called Strike
1-1: SINGLE (Line Drive, 9S, EV 86.9 MPH)
Batting: LHB José Ortíz 0-0: Ball
1-0: Ball
2-0: Foul Ball, location: 2F
2-1: Ball
3-1: Called Strike
3-2: Strikes out looking
Batting: RHB Alan von Duehren 0-0: Swinging Strike
0-1: Called Strike
0-2: Strikes out swinging
Batting: RHB Nate Colbert 0-0: Ball
1-0: Ball
2-0: SINGLE (Groundball, 4MD, EV 105.6 MPH)
Beau Jones to second
Batting: LHB Ho-cheong Kim 0-0: Foul Ball, location: 2F
0-1: Ball
1-1: Ball
2-1: Foul Ball, location: 7LDF
2-2: Ball
3-2: Foul Ball, location: 5FF
3-2: Foul Ball, location: 7LMF
3-2: Base on Balls
Beau Jones to third
Nate Colbert to second
Batting: RHB António Fernández 0-0: Foul Ball, location: 2F
0-1: Swinging Strike
0-2: Foul Ball, location: 2F
0-2: Ball
1-2: Ground out 4-3 (Groundball, 4, EV 101.9 MPH)
Top of the 2nd over - 0 runs, 2 hits, 0 errors, 3 left on base; Rocket City 0 - Montgomery 0
BOTTOM OF THE 2ND
Montgomery Biscuits batting - Pitching for Rocket City Trash Pandas : RHP Karl Rauch
Batting: LHB José Árias 0-0: Called Strike
0-1: SINGLE (Line Drive, 8RS, EV 96.9 MPH)
Batting: RHB Josh Duncan 0-0: Ball
José Árias steals 2nd base (no throw)
1-0: Foul Ball, location: 3DF
1-1: Ball
2-1: Ball
3-1: Sac Bunt to 15 - play at first, batter OUT! 1-4
José Árias to third
Batting: RHB Doug Wilkinson 0-0: Swinging Strike
0-1: Foul Ball, location: 3FF
0-2: Strikes out swinging
Batting: RHB Wes Sargent 0-0: Called Strike
0-1: Called Strike
0-2: Ground out 4-3 (Groundball, 4MD, EV 94.4 MPH)
Bottom of the 2nd over - 0 runs, 1 hit, 0 errors, 1 left on base; Rocket City 0 - Montgomery 0
TOP OF THE 3RD
Rocket City Trash Pandas batting - Pitching for Montgomery Biscuits : RHP Enrico Valério
Batting: LHB José Martínez 0-0: Ball
1-0: Foul Ball, location: 3FF
1-1: Ball
2-1: Hit by Pitch
Batting: RHB Cristo García 0-0: Bunted foul
0-1: Sac Bunt to 5S - play at first, batter OUT! 5-3
José Martínez to second
Batting: RHB José Martínez 0-0: Ball
1-0: Ground out 2-3 (Groundball, 15S, EV 65.0 MPH)
Batting: RHB Beau Jones 0-0: Ball
1-0: Ball
2-0: Ball
3-0: Base on Balls
Batting: LHB José Ortíz 0-0: Ball
1-0: Ball
2-0: Called Strike
2-1: Foul Ball, location: 2F
2-2: Ball
3-2: Base on Balls
José Martínez to third
Beau Jones to second
Batting: RHB Alan von Duehren 0-0: Called Strike
0-1: Ball
1-1: Ball
2-1: Ball
3-1: Base on Balls
José Martínez scores
Beau Jones to third
José Ortíz to second
Batting: RHB Nate Colbert 0-0: Ball
1-0: Called Strike
1-1: Called Strike
1-2: Strikes out looking
Top of the 3rd over - 1 run, 0 hits, 0 errors, 3 left on base; Rocket City 1 - Montgomery 0
BOTTOM OF THE 3RD
Montgomery Biscuits batting - Pitching for Rocket City Trash Pandas : RHP Karl Rauch
Batting: RHB Mike MacKnight 0-0: Ball
1-0: Ball
2-0: Swinging Strike
2-1: Fly out, F7 (Flyball, 7D, EV 84.4 MPH)
Batting: RHB B.J. Bushel 0-0: Ball
1-0: Ball
2-0: DOUBLE (Line Drive, 9LM, EV 92.5 MPH)
Batting: LHB Jed Jackson 0-0: Foul Ball, location: 2F
0-1: Ground out U3 (Groundball, 3L, EV 85.0 MPH)
B.J. Bushel to third
Batting: RHB Bob Lee 0-0: Ball
1-0: Called Strike
1-1: Ball
2-1: Fly out, F9 (Flyball, 9LM, EV 91.9 MPH)
Bottom of the 3rd over - 0 runs, 1 hit, 0 errors, 1 left on base; Rocket City 1 - Montgomery 0
TOP OF THE 4TH
Rocket City Trash Pandas batting - Pitching for Montgomery Biscuits : RHP Enrico Valério
Batting: LHB Ho-cheong Kim 0-0: Ball
1-0: Ball
2-0: Called Strike
2-1: Called Strike
2-2: Strikes out swinging
Batting: RHB António Fernández 0-0: Ground out 5-3 (Groundball, 56, EV 101.3 MPH)
Batting: LHB José Martínez 0-0: Fly out, F7 (Flyball, 78M, EV 84.4 MPH)
Top of the 4th over - 0 runs, 0 hits, 0 errors, 0 left on base; Rocket City 1 - Montgomery 0
BOTTOM OF THE 4TH
Montgomery Biscuits batting - Pitching for Rocket City Trash Pandas : RHP Karl Rauch
Batting: LHB Dave Ware 0-0: Called Strike
0-1: Ball
1-1: Ball
2-1: Foul Ball, location: 5DF
2-2: Foul Ball, location: 2F
2-2: Ball
3-2: SOLO HOME RUN (Line Drive, 9LD, EV 98.1 MPH), Distance : 358 ft
Batting: LHB José Árias 0-0: Ball
1-0: Ball
2-0: Called Strike
2-1: Swinging Strike
2-2: Ground out 1-3 (Groundball, 13S, EV 71.9 MPH)
Batting: RHB Josh Duncan 0-0: Ball
1-0: Ball
2-0: Called Strike
2-1: Ball
3-1: Base on Balls
Batting: RHB Doug Wilkinson 0-0: Called Strike
0-1: Ball
1-1: Called Strike
Josh Duncan steals 2nd base
1-2: Fly out, F6 (Popup, 6S, EV 68.8 MPH)
Batting: RHB Wes Sargent 0-0: Swinging Strike
0-1: Called Strike
0-2: Ball
1-2: Ball
2-2: Ball
3-2: Foul Ball, location: 9LMF
3-2: Base on Balls
Batting: RHB Mike MacKnight 0-0: Fly out, F8 (Flyball, 8RXD, EV 96.3 MPH)
Bottom of the 4th over - 1 run, 1 hit, 0 errors, 2 left on base; Rocket City 1 - Montgomery 1
TOP OF THE 5TH
Rocket City Trash Pandas batting - Pitching for Montgomery Biscuits : RHP Enrico Valério
Batting: RHB Cristo García 0-0: Ball
1-0: Ball
2-0: Called Strike
2-1: Called Strike
2-2: Strikes out looking
Batting: RHB José Martínez 0-0: Called Strike
0-1: Ball
1-1: Ball
2-1: Swinging Strike
2-2: Foul Ball, location: 5FF
2-2: SINGLE (Groundball, 56D, EV 105.0 MPH)
Batting: RHB Beau Jones 0-0: Called Strike
0-1: Foul Ball, location: 5FF
0-2: Strikes out swinging
Batting: LHB José Ortíz 0-0: Called Strike
0-1: Ball
1-1: Ball
2-1: Ball
3-1: Base on Balls
José Martínez to second
Batting: RHB Alan von Duehren 0-0: SINGLE (Groundball, 34D, EV 106.3 MPH)
José Martínez to third
José Ortíz to second
Runner from 3rd tries for Home, SAFE, throw by RF to home
Batting: RHB Nate Colbert 0-0: Swinging Strike
0-1: Called Strike
0-2: Ball
1-2: Ball
2-2: Ball
3-2: Strikes out looking
Top of the 5th over - 1 run, 2 hits, 0 errors, 2 left on base; Rocket City 2 - Montgomery 1
BOTTOM OF THE 5TH
Montgomery Biscuits batting - Pitching for Rocket City Trash Pandas : RHP Karl Rauch
Batting: RHB B.J. Bushel 0-0: Called Strike
0-1: Ball
1-1: Ground out 6-3 (Groundball, 56, EV 106.3 MPH)
Batting: LHB Jed Jackson 0-0: Called Strike
0-1: Ball
1-1: Ball
2-1: Ball
3-1: Base on Balls
Batting: RHB Bob Lee 0-0: Ball
1-0: Called Strike
Jed Jackson is caught stealing 2nd base 2-4
1-1: Ball
2-1: Fly out, F8 (Line Drive, 8LM, EV 94.4 MPH)
Bottom of the 5th over - 0 runs, 0 hits, 0 errors, 0 left on base; Rocket City 2 - Montgomery 1
TOP OF THE 6TH
Rocket City Trash Pandas batting - Pitching for Montgomery Biscuits : RHP Enrico Valério
Batting: LHB Ho-cheong Kim 0-0: Called Strike
0-1: Swinging Strike
0-2: Fly out, F8 (Flyball, 8LD, EV 101.3 MPH)
Batting: RHB António Fernández 0-0: Called Strike
0-1: Ball
1-1: Ball
2-1: Foul Ball, location: 9LDF
2-2: Foul Ball, location: 9LSF
2-2: Strikes out swinging
Batting: LHB José Martínez 0-0: Ball
1-0: Foul Ball, location: 3F
1-1: Ball
2-1: Ground out 6-3 (Groundball, 6, EV 102.5 MPH)
Top of the 6th over - 0 runs, 0 hits, 0 errors, 0 left on base; Rocket City 2 - Montgomery 1
BOTTOM OF THE 6TH
Montgomery Biscuits batting - Pitching for Rocket City Trash Pandas : RHP Karl Rauch
Pitching: LHP Rod Taylor
Batting: LHB Dave Ware 0-0: Swinging Strike
0-1: Fly out, F8 (Flyball, 8RD, EV 106.9 MPH)
Batting: RHB Pete Davis 0-0: Foul Ball, location: 9LSFF
0-1: Foul Ball, location: 25FF
0-2: Ball
1-2: Ball
2-2: Strikes out swinging
Batting: RHB Josh Duncan 0-0: Foul Ball, location: 2F
0-1: Foul Ball, location: 3SF
0-2: Foul Ball, location: 25F
0-2: Ball
1-2: Strikes out swinging
Bottom of the 6th over - 0 runs, 0 hits, 0 errors, 0 left on base; Rocket City 2 - Montgomery 1
TOP OF THE 7TH
Rocket City Trash Pandas batting - Pitching for Montgomery Biscuits : RHP Enrico Valério
Batting: RHB Cristo García 0-0: Ball
1-0: Ground out U3 (Groundball, 34S, EV 86.9 MPH)
Batting: RHB José Martínez 0-0: Called Strike
0-1: Ground out 1-3 (Groundball, 13S, EV 66.9 MPH)
Batting: RHB Beau Jones 0-0: Ground out 5-3 (Groundball, 56, EV 87.5 MPH)
Top of the 7th over - 0 runs, 0 hits, 0 errors, 0 left on base; Rocket City 2 - Montgomery 1
BOTTOM OF THE 7TH
Montgomery Biscuits batting - Pitching for Rocket City Trash Pandas : LHP Rod Taylor
Batting: RHB Doug Wilkinson 0-0: Foul Ball, location: 3FF
0-1: Ball
1-1: Ground out 4-3 (Groundball, 13, EV 84.4 MPH)
Batting: RHB Wes Sargent 0-0: Ball
1-0: Called Strike
1-1: Ball
2-1: Called Strike
2-2: Foul Ball, location: 5FF
2-2: Strikes out looking
Batting: RHB Mike MacKnight 0-0: Ball
1-0: Foul Ball, location: 5F
1-1: Ball
2-1: Called Strike
2-2: Ball
3-2: Reached via error on a dropped throw from 1B, E1 (Groundball, 34S, EV 85.6 MPH)
Batting: RHB B.J. Bushel 0-0: Fielders Choice at 2nd, U4 (Groundball, 4M, EV 85.6 MPH)
Bottom of the 7th over - 0 runs, 0 hits, 1 error, 1 left on base; Rocket City 2 - Montgomery 1
TOP OF THE 8TH
Rocket City Trash Pandas batting - Pitching for Montgomery Biscuits : RHP Enrico Valério
Batting: LHB José Ortíz 0-0: Ball
1-0: Swinging Strike
1-1: Foul Ball, location: 2F
1-2: Fly out, F3 (Popup, 34S, EV 83.8 MPH)
Pitching: RHP José Tobías
Batting: RHB Alan von Duehren 0-0: Foul Ball, location: 2F
0-1: Fly out, F9 (Flyball, 89M, EV 91.3 MPH)
Pitching: LHP Juan Román
Batting: RHB Nate Colbert 0-0: Swinging Strike
0-1: Ball
1-1: Foul Ball, location: 25F
1-2: Fly out, F9 (Flyball, 9D, EV 111.3 MPH)
Top of the 8th over - 0 runs, 0 hits, 0 errors, 0 left on base; Rocket City 2 - Montgomery 1
BOTTOM OF THE 8TH
Montgomery Biscuits batting - Pitching for Rocket City Trash Pandas : LHP Rod Taylor
Pinch Hitting: RHB Mike Jordan 0-0: Ball
1-0: Foul Ball, location: 9LSF
1-1: SINGLE (Groundball, 56D, EV 108.1 MPH)
Pitching: RHP Bob Wagoner
Pinch Hitting: LHB Dan Jones 0-0: Ball
1-0: Fly out, F4 (Popup, 4S, EV 78.8 MPH)
Pitching: LHP Clint McGee
Batting: LHB Dave Ware 0-0: Fly out, F4 (Popup, 13, EV 82.5 MPH)
Batting: RHB Pete Davis 0-0: Called Strike
0-1: Foul Ball, location: 2F
0-2: Ball
1-2: Ball
2-2: Ball
3-2: Strikes out looking
Bottom of the 8th over - 0 runs, 1 hit, 0 errors, 1 left on base; Rocket City 2 - Montgomery 1
TOP OF THE 9TH
Rocket City Trash Pandas batting - Pitching for Montgomery Biscuits : LHP Juan Román
Now at 1B: Mike Jordan
Now in LF: Dan Jones
Batting: LHB Ho-cheong Kim 0-0: Swinging Strike
0-1: Foul Ball, location: 5DF
0-2: Foul Ball, location: 7LMF
0-2: SINGLE (Line Drive, 89M, EV 111.3 MPH)
Batting: RHB António Fernández 0-0: Swinging Strike
0-1: Grounds into double play, 6-4-3 (Groundball, 6S, EV 91.3 MPH)
Batting: LHB José Martínez 0-0: Called Strike
0-1: Ground out 4-3 (Groundball, 4, EV 77.5 MPH)
Top of the 9th over - 0 runs, 1 hit, 0 errors, 0 left on base; Rocket City 2 - Montgomery 1
BOTTOM OF THE 9TH
Montgomery Biscuits batting - Pitching for Rocket City Trash Pandas : LHP Clint McGee
Pitching: RHP Jeff Gross
Now at 1B: Nate Colbert
Now at SS: Jesús López
Batting: RHB Josh Duncan 0-0: Foul Ball, location: 2F
0-1: Ball
1-1: Swinging Strike
1-2: Ball
2-2: Ball
3-2: Strikes out swinging
Batting: RHB Doug Wilkinson 0-0: Called Strike
0-1: Ball
1-1: Ball
2-1: Ball
3-1: Base on Balls
Batting: RHB Wes Sargent 0-0: Ball
1-0: Ball
2-0: Called Strike
2-1: Called Strike
2-2: Foul Ball, location: 9LMF
2-2: Foul Ball, location: 2F
2-2: Ball
3-2: Fly out, F7 (Flyball, 7LS, EV 93.1 MPH)
Pinch Hitting: RHB Eric Jenkins 0-0: Called Strike
0-1: Ball
1-1: Foul Ball, location: 5F
1-2: Strikes out swinging
Bottom of the 9th over - 0 runs, 0 hits, 0 errors, 1 left on base; Rocket City 2 - Montgomery 1
Monday, April 1st , 2024 - OOTP Baseball 24.10 Build 82